 Dungeon Crawl Stone Soup version 0.28.0-43-g3370ac3207 (webtiles) character file.

Game seed: 12386407525221835546

306 CryoSword the Ruffian (level 6, -7/59 HPs)
             Began as a Troll Transmuter on Mar 24, 2022.
             Mangled by Duvessa
             ... wielding a +0 short sword
              (9 damage)
             ... on level 4 of the Dungeon.
             The game lasted 00:04:19 (2644 turns).

CryoSword the Ruffian (Troll Transmuter)            Turns: 2644, Time: 00:04:20

Health: -7/59      AC:  4    Str: 19    XL:     6   Next: 16%
Magic:  6/6        EV: 10    Int: 11    God:
Gold:   171        SH:  0    Dex: 12    Spells: 6/7 levels left

rFire   . . .      SeeInvis .     - Unarmed
rCold   . . .      Faith    .   n - orb {light}
rNeg    . . .      Spirit   .   a - +0 robe
rPois   +          Reflect  .   (helmet restricted)
rElec   .          Harm     .   (no cloak)
rCorr   .          Rampage  .   (gloves unavailable)
Will    .....                   (boots unavailable)
Stlth   +.........              (no amulet)
HPRegen 0.99/turn               p - ring of wizardry
MPRegen 0.10/turn               (no ring)

@: attractive, glowing
A: large, unfitting armour, claws 3, regeneration 1, shaggy fur 1, tough skin 1,
fangs 1, thin skeletal structure 1, poison resistance, evolution 1
a: no special abilities


You were on level 4 of the Dungeon.
You visited 2 branches of the dungeon, and saw 5 of its levels.

You collected 171 gold pieces.

Inventory:

Missiles
 g - 4 datura-tipped darts
 h - 2 large rocks
Armour
 a - a +0 robe (worn)
 n - an orb of light (worn)
   (You found it on level 3 of the Dungeon)
Jewellery
 p - a ring of wizardry (left claw)
   (You found it on level 4 of the Dungeon)
Scrolls
 c - a scroll of vulnerability {unknown}
 d - a scroll of enchant weapon {unknown}
 k - a scroll of magic mapping {unknown}
 l - a scroll of amnesia {unknown}
 m - a scroll of silence {unknown}
Potions
 b - a potion of brilliance {unknown}
 f - a potion of mutation {!q}
 i - a potion of heal wounds {@q2}
 j - a potion of curing {unknown}
 o - a potion of berserk rage {unknown}


   Skills:
 * Level 2.8 Fighting
 + Level 1.3 Throwing
 + Level 2.5 Dodging
 * Level 4.5 Unarmed Combat
 - Level 1.2 Spellcasting
 + Level 2.3 Transmutations


You had 6 spell levels left.
You knew the following spells:

 Your Spells              Type           Power      Damage    Failure   Level
a - Beastly Appendage     Tmut           10%        N/A       4%          1

Your spell library contained the following spells:

 Spells                   Type           Power      Damage    Failure   Level
 Wereblood                Tmut           5%         N/A       8%          2
 Spider Form              Tmut/Pois      3%         N/A       24%         3
 Ice Form                 Ice/Tmut       3%         N/A       58%         4


Dungeon Overview and Level Annotations

Branches:
Dungeon (4/15)             Temple (1/1) D:4

Altars:
Elyvilon
Fedhas
Gozag
Hepliaklqana
Nemelex Xobeh
Okawaru
Sif Muna
Trog
Vehumet
Wu Jian
Yredelemnul
Zin
The Shining One

Annotations:
D:4 exclusion: oklob plant, Duvessa


Innate Abilities, Weirdness & Mutations

You are too large for most types of armour.
You have claws for hands.
Your natural rate of healing is unusually fast.
You are covered in fur. (AC +1)
You have tough skin. (AC +1)
You have very sharp teeth.
You have a somewhat thin skeletal structure. (Dex +2, Stealth+)
Your system is resistant to poisons. (rPois)
You have hidden genetic potential.


Message History

There is an open door here.
As you open the door, it creaks loudly!
Found a white marble altar of Elyvilon.
There is an open door here.
There is an open door here.
You open the door.
Found a bloodstained altar of Trog.
There is an open door here.
There is an open door here.
You open the door.
Found an iron altar of Okawaru.
There is an open door here.
There is an open door here.
You open the door.
Found a hazy altar of Hepliaklqana.
There is an open door here.
Done exploring.
There is an open door here.
You open the door.
There is an open door here.
There is a staircase back to the Dungeon here.
You climb upwards.
Welcome back to the Dungeon!
You hear the sound of rushing water.
There is an entrance to a sewer on this level.
Hurry and find it before the portal rusts away!
You hear the slow rusting of a very distant drain.
There is a staircase to the Ecumenical Temple here.
You now have 158 gold pieces (gained 18).
There is a fountain of clear blue water here.
An adder skeleton comes into view.
You claw the adder skeleton!
You destroy the adder skeleton!
An adder skeleton comes into view.
Found 12 sling bullets.
You claw the adder skeleton! The adder skeleton barely misses you.
You barely miss the adder skeleton. The adder skeleton barely misses you.
You claw the adder skeleton!
You destroy the adder skeleton!
No target in view!
Found 17 sling bullets.
Found an escape hatch in the floor.
Found a scale mail.
You hear the slow rusting of a very distant drain.
Found a blossoming altar of Fedhas.
An oklob plant comes into view.
You enter the shallow water.
Moving in this stuff is going to be slow.
You enter the shallow water.
Moving in this stuff is going to be slow.
You hear the slow rusting of a very distant drain.
You enter the shallow water.
Moving in this stuff is going to be slow.
A hound comes into view.
The hound barks!
The hound bites you.
You scratch the hound but do no damage. The hound misses you.
You closely miss the hound. The hound bites you. The hound barely misses you.
You claw the hound! The hound bites you.
You closely miss the hound. The hound bites you. x2
You scratch the hound.
You kill the hound!
You see here a hound corpse.
You hear the rusting of a very distant drain.
Found a sapphire potion.
Found a leather armour.
o - a sapphire potion
Found a jade ring and 13 gold pieces.
p - a ring of wizardry
p - a ring of wizardry (left claw)
Found a stone staircase leading down.
You now have 171 gold pieces (gained 13).
You hear the rusting of a very distant drain.
There is a stone staircase leading down here.
A worm comes into view.
A necrophage comes into view.
There is a stone staircase leading down here.
You scratch the necrophage. The necrophage hits you.
You feel drained.
You barely miss the necrophage. The necrophage barely misses you.
You scratch the necrophage. The necrophage hits you.
You feel drained.
You scratch the necrophage but do no damage.
The necrophage hits you but does no damage.
You claw the necrophage! The necrophage hits you.
You barely miss the necrophage. The necrophage hits you.
You feel drained.
You scratch the necrophage. You claw the necrophage!
You destroy the necrophage!
Your life force feels restored.
Your Throwing skill increases to level 1!
The worm bites you but does no damage.
There is a stone staircase leading down here.
You see here a necrophage corpse.
You claw the worm! You claw the worm!
You kill the worm!
You enter the shallow water.
Moving in this stuff is going to be slow.
You hear the brisk rusting of a very distant drain.
You hear the brisk rusting of a very distant drain.
Found a stone staircase leading down.
Found an escape hatch in the ceiling.
Found a stone staircase leading up.
There is a stone staircase leading up here.
Dowan, Brother of Duvessa comes into view.
He is wielding a +4 dagger of holy wrath.
Dowan throws and catches a handful of magical flame, then smirks.
Dowan points at you and mumbles some strange words.
The puff of flame hits you!
Dowan hisses, "Insulting my beauty only makes me fight harder!"
Dowan hits you but does no damage.
You claw Dowan! Dowan completely misses you.
You scratch Dowan.
Dowan hits you with a +4 dagger of holy wrath.
You claw Dowan!
Dowan hits you with a +4 dagger of holy wrath.
You closely miss Dowan. You scratch Dowan.
You kill Dowan!
You hear a distant scream of rage.
You have reached level 6!
You feel stronger.
Things that are here:
a +4 dagger of holy wrath; a +0 robe; the elf corpse of Dowan You hear the brisk rusting of a very distant drain.
Duvessa, Sister of Dowan comes into view.
She is wielding a +0 short sword.
Duvessa shouts!
Duvessa goes berserk!
You hear an angry hiss.
You hear a shout!
It was a potion of mutation.
You feel extremely strange.
You feel a hidden potential growing inside you.
You feel resistant to poisons.
Your bones become slightly less dense.
Your teeth lengthen and sharpen.
It was a potion of heal wounds.
You feel much better.
It was a potion of attraction.
You feel attractive to monsters. Duvessa hits you with a +0 short sword!
The ball python is attracted toward you.
You claw Duvessa! Duvessa hits you with a +0 short sword!
The ogre is attracted toward you.
You barely miss Duvessa. You bite Duvessa, but do no damage.
Duvessa hits you with a +0 short sword!
* * * LOW HITPOINT WARNING * * *
You scratch Duvessa. Duvessa misses you. Duvessa barely misses you.
You barely miss Duvessa. Duvessa hits you with a +0 short sword!
* * * LOW HITPOINT WARNING * * *
You claw Duvessa! Duvessa hits you with a +0 short sword.
* * * LOW HITPOINT WARNING * * *
Duvessa hits you with a +0 short sword!
* * * LOW HITPOINT WARNING * * *
You barely miss Duvessa. Duvessa hits you with a +0 short sword!
You die...

#)# #.###### #......#
#.####.# #.# #.# #######.#
#.# ..<.....## #.#
###.##...###.# ###########
###.#.....##@####.....(....
..........#.eSO..........#
##.#.....#######....O..(.#
#....<...#######..<.S..$.#
#..###.#....e.S.K......g..
#..# ###..####...........#
#.####..# #..#
#.#.........#
#.......#####..# #
#.........#
.>.............#
#..?......#


You could see Duvessa (berserk), an ogre and a ball python.

Vanquished Creatures
  A necrophage (D:4)
  Dowan (D:4)
  A hound (D:4)
  A gnoll (D:1)
  3 adders
  2 adder skeletons (D:4)
  4 worms
  6 orcs
  4 bats
  8 endoplasms
  5 giant cockroaches
  8 goblins
  8 hobgoblins
  4 jackals
  7 kobolds
  4 quokkas
  5 ball pythons
  5 frilled lizards
  6 rats
83 creatures vanquished.

Vanquished Creatures (others)
  A plant (D:3)
1 creature vanquished.

Grand Total: 84 creatures vanquished

Notes
Turn   | Place    | Note
-------+----------+-------------------------------------------
     0 | D:1      | CryoSword the Troll Transmuter began the quest for the Orb.
     0 | D:1      | Reached XP level 1. HP: 18/18 MP: 1/1
    49 | D:1      | Reached skill level 1 in Fighting
    49 | D:1      | Reached XP level 2. HP: 2/27 MP: 2/2
   351 | D:1      | Reached XP level 3. HP: 33/33 MP: 1/3
   817 | D:2      | Found a glowing golden altar of the Shining One.
   981 | D:2      | Reached XP level 4. HP: 42/42 MP: 2/4
  1430 | D:3      | Found a glowing silver altar of Zin.
  1710 | D:3      | Found a faded altar of an unknown god.
  2059 | D:3      | Found a radiant altar of Vehumet.
  2126 | D:4      | Noticed an ogre
  2150 | D:4      | Found a staircase to the Ecumenical Temple.
  2171 | D:4      | Reached skill level 4 in Unarmed Combat
  2177 | D:4      | Reached XP level 5. HP: 43/49 MP: 5/5
  2184 | Temple   | Entered the Ecumenical Temple
  2371 | D:4      | Found a blossoming altar of Fedhas.
  2382 | D:4      | Noticed an oklob plant
  2516 | D:4      | Noticed a necrophage
  2531 | D:4      | Killed a necrophage
  2532 | D:4      | Reached skill level 1 in Throwing
  2600 | D:4      | Noticed Dowan
  2623 | D:4      | Killed Dowan
  2624 | D:4      | Reached XP level 6. HP: 57/59 MP: 6/6
  2635 | D:4      | Noticed Duvessa
  2636 | D:4      | Gained mutation: You have hidden genetic potential. [potion
                  | of mutation]
  2636 | D:4      | Gained mutation: Your system is resistant to poisons.
                  | (rPois) [potion of mutation]
  2636 | D:4      | Gained mutation: You have a somewhat thin skeletal
                  | structure. (Dex +2, Stealth+) [potion of mutation]
  2636 | D:4      | Gained mutation: You have very sharp teeth. [potion of
                  | mutation]
  2643 | D:4      | HP: 1/59 [Duvessa/+0 short sword (14)]
  2644 | D:4      | Mangled by Duvessa

Illustrated notes

Levels and vault maps discovered:
D:1:      sevenhm_arrival_forest_fort_large_4, layout_basic
D:2:      layout_loops_cross, basic_altar, minmay_domino_4
D:3:      layout_loops_ring, mainiacjoe_overflow_alcove_1, lemuel_doored_altar,
          shapermc_ecumenical_altar_flowoftime, minmay_quantized
D:4:      layout_loops_ring, tgw_fedhas, minmay_temple_entry_large_hall,
          cheibrodos_sewer_entry_bend, chequers_serial_rivers_large_b,
          uniq_duvessa
Temple:   nicolae_temple_figure_zero

Skill      XL: |  1  2  3  4  5 |
---------------+----------------+-----
Fighting       | 1 2 |  2.8
Dodging        | 2 |  2.5
Transmutations | 2 |  2.3
Unarmed Combat | 4 |  4.5
Throwing       | 1 |  1.3
Spellcasting   | |  1.2

Action                   |  1- 3 |  4- 6 || total
-------------------------+-------+-------++-------
Melee: Unarmed           |    90 |   117 ||   207
       Punch             |     1 |       ||     1
       Headbutt          |     6 |     1 ||     7
       Kick              |     7 |     4 ||    11
       Bite              |       |     1 ||     1
 Cast: Beastly Appendage |    14 |     5 ||    19
  Use: Potion            |       |     3 ||     3
 Stab: Sleeping          |     1 |       ||     1
Armor: Robe              |    28 |    19 ||    47
Dodge: Dodged            |    22 |    40 ||    62
